 Dungeon Crawl Stone Soup version 0.30-a0-304-gdc4b735fe1 (webtiles) character file.

Game seed: 4014552344324720731

467 Zonian the Magician (level 7, -11/52 HPs)
             Began as a Djinni Ice Elementalist on Oct 20, 2022.
             Mangled by an ice beast (21 damage)
             ... on level 5 of the Dungeon.
             The game lasted 00:09:47 (7708 turns).

Zonian the Magician (Djinni Ice Elementalist)       Turns: 7708, Time: 00:09:47

Health: -11/52     AC:  2    Str:  7    XL:     7   Next: 30%
Gold:   302        EV: 13    Int: 18    God:
                   SH:  0    Dex: 14

rFire   + + .      SeeInvis .    o - +2 whip (flame)
rCold   x . .      Faith    .    (no shield)
rNeg    . . .      Spirit   .    a - +0 robe
rPois   ∞          Reflect  .    (no helmet)
rElec   .          Harm     .    (no cloak)
rCorr   +          Rampage  .    (no gloves)
Will    .....                    (boots unavailable)
Stlth   ++........               (no amulet)
HPRegen 0.28/turn                e - ring of resist corrosion
MPRegen 0.00/turn                (no ring)

@: flying, very slightly contaminated
A: sickness immunity, fire resistance 2, cold vulnerability 1, float, innate
caster, HP casting, extra vitality 1
a: no special abilities


You were on level 5 of the Dungeon.
You visited 1 branch of the dungeon, and saw 5 of its levels.

You collected 302 gold pieces.

Inventory:

Hand Weapons
 c - a +0 dagger
 i - a +0 scimitar
 o - a +2 whip of flaming (weapon)
 p - a +0 vampiric dagger
Armour
 a - a +0 robe (worn)
Jewellery
 e - a ring of resist corrosion (left hand)
Wands
 k - a wand of polymorph (7)
 q - a wand of iceblast (5)
Scrolls
 d - a scroll of fear
 g - 3 scrolls of teleportation
 j - a scroll of enchant armour
 n - a scroll of poison
Potions
 b - a potion of invisibility
 f - 2 potions of lignification
 h - a potion of heal wounds
 l - 2 potions of ambrosia {unknown}
 m - 5 potions of curing


   Skills:
 + Level 4.3 Fighting
 - Level 2.9 Dodging
 - Level 2.2 Stealth
 + Level 5.0 Spellcasting


You couldn't memorise any spells.
You knew the following spells:

 Your Spells              Type           Power      Damage    Failure   Level
a - Freeze                Ice            88%        1d9       1%          1
b - Frozen Ramparts       Ice            44%        1d7       4%          3
c - Ozocubu's Armour      Ice            22%        N/A       4%          3
d - Summon Ice Beast      Ice/Summ       22%        N/A       17%         4
e - Kiss of Death         Conj/Necr      88%        2d12      1%          1
f - Static Discharge      Conj/Air       44%        2-4/arc   2%          2
g - Call Canine Familiar  Summ           22%        N/A       4%          3
Your spell library was empty.

Dungeon Overview and Level Annotations

Branches:
Dungeon (5/15)
 Temple: D:4-7

Altars:


Innate Abilities, Weirdness & Mutations

You are immune to sickness and miasma.
You are immune to poison.
Your flesh is very heat resistant. (rF++)
You are vulnerable to cold. (rC-)
You float through the air rather than walking.
You learn spells naturally, not from books.
Your magical power is your life essence.
You have superior vitality. (+4 MHP)


Message History

Unknown command.
Casting: Static Discharge (safe; 2% risk of failure)
Confirm with . or Enter, or press ? or * to list all spells.
The ice beast is struck by an arc of lightning.
The ice beast is moderately wounded.
You are struck by an arc of lightning.
The ice beast is struck by an arc of lightning.
The ice beast is heavily wounded.
The lightning grounds out.
The ice beast hits you. The ice beast freezes you!
You feel a terrible chill!
* * * LOW HITPOINT WARNING * * *
Unknown command.
You barely miss the ice beast.
The ice beast is heavily wounded.
The ice beast hits you.
* * * LOW HITPOINT WARNING * * *
The ice beast freezes you!
You feel a terrible chill!
* * * LOW HITPOINT WARNING * * *
Unknown command.
You feel much better. The ice beast completely misses you.
You barely miss the ice beast.
The ice beast is heavily wounded.
The ice beast barely misses you.
You hit the ice beast.
You melt the ice beast.
The ice beast is severely wounded.
The ice beast hits you. The ice beast freezes you!
You feel a terrible chill!
* * * LOW HITPOINT WARNING * * *
Casting: Static Discharge (safe; 2% risk of failure)
Confirm with . or Enter, or press ? or * to list all spells.
You miscast Static Discharge.
You are very lightly contaminated with residual magic.
Nothing appears to happen.
* * * LOW HITPOINT WARNING * * *
The ice beast barely misses you.
You hit the ice beast.
You melt the ice beast.
The ice beast is almost dead.
The ice beast hits you.
* * * LOW HITPOINT WARNING * * *
The ice beast freezes you!!
You feel a terrible chill!
You die...

..>## #### .... .♣5
... .. ..# P♣..# .
♣...#
....########.#.#
.......<@Y.....#
....#######.##......[
. #.# .###### ..# .#
.### ?# #. .# # .# ..


You could see an ice beast.

Vanquished Creatures
  A blink frog (D:4)
  A hound (D:4)
  Jessica (D:3)
  2 iguanas (D:4)
  Terence (D:2)
  Robin (D:3)
  An adder (D:2)
  A worm (D:2)
  4 dart slugs
  10 orcs
  9 endoplasms
  3 giant cockroaches (D:1)
  11 goblins
  11 hobgoblins
  3 jackals (D:1)
  5 quokkas
  7 ball pythons
  A bat (D:1)
  4 frilled lizards
  10 kobolds
  2 rats
89 creatures vanquished.

Vanquished Creatures (others)
  An orc (D:4)
1 creature vanquished.

Grand Total: 90 creatures vanquished

Notes
Turn   | Place    | Note
-------+----------+-------------------------------------------
     0 | D:1      | Zonian the Djinni Ice Elementalist began the quest for the
                  | Orb.
     0 | D:1      | Zonian set off with the following spells memorised: Freeze,
                  | Frozen Ramparts, Ozocubu's Armour, Summon Ice Beast.
     0 | D:1      | Reached XP level 1. HP: 15/15 MP: 0/0
    63 | D:1      | Reached XP level 2. HP: 13/21 MP: 0/0
   567 | D:1      | Reached XP level 3. HP: 22/25 MP: 0/0
   567 | D:1      | Learned a level 1 spell: Kiss of Death
   902 | D:1      | Found a faded altar of an unknown god.
  2335 | D:2      | Reached XP level 4. HP: 31/31 MP: 0/0
  2443 | D:2      | Reached skill level 1 in Fighting
  2687 | D:2      | Noticed Terence
  2699 | D:2      | Killed Terence
  3602 | D:3      | Noticed Jessica
  3908 | D:3      | Reached XP level 5. HP: 38/38 MP: 0/0
  3908 | D:3      | Learned a level 2 spell: Static Discharge
  3946 | D:3      | Killed Jessica
  3947 | D:3      | Reached skill level 4 in Spellcasting
  5071 | D:3      | Identified the +5 helmet of Liberty {rElec rCorr Int-3}
  5071 | D:3      | Noticed Robin
  5147 | D:3      | Killed Robin
  5686 | D:4      | Reached XP level 6. HP: 17/45 MP: 0/0
  7216 | D:4      | Noticed Pikel
  7219 | D:4      | Pikel changed into Pikel the blink frog
  7219 | D:4      | Noticed Pikel
  7229 | D:4      | Killed Pikel the blink frog
  7230 | D:4      | Reached skill level 5 in Spellcasting
  7230 | D:4      | Reached XP level 7. HP: 31/52 MP: 0/0
  7230 | D:4      | Learned a level 3 spell: Call Canine Familiar
  7689 | D:5      | Entered Level 5 of the Dungeon
  7703 | D:5      | HP: 2/52 [ice beast (10)]
  7708 | D:5      | Mangled by an ice beast

Illustrated notes

Levels and vault maps discovered:
D:1:      erik_arrival_triangle_medium, layout_loops_ring,
          hellmonk_ecumenical_altar_inner_sanctum
D:2:      minmay_door_path, layout_loops_corners, minmay_pentomino_x4,
          uniq_terence
D:3:      layout_loops_cross, uniq_robin, uniq_jessica
D:4:      layout_gridville, uniq_pikel
D:5:      layout_rooms, grunt_temple_overflow_cloverleaf,
          minmay_temple_entry_hall, gup_sewer_entry_spiral, serial_demonic,
          serial_demonic_b, serial_demonic_c, serial_demonic_c,
          serial_demonic_c, serial_demonic_a, uniq_edmund

Skill      XL: |  1  2  3  4  5  6 |
---------------+-------------------+-----
Stealth        | 2 |  2.2
Fighting       | 1 2 4 |  4.3
Spellcasting   | 4 5 |  5.0
Dodging        | |  2.9

Action                   |  1- 3 |  4- 6 |  7- 9 || total
-------------------------+-------+-------+-------++-------
Melee: Dagger            |     7 |    69 |       ||    76
       Unarmed           |     1 |       |       ||     1
       Whip              |       |       |     4 ||     4
 Cast: Freeze            |    65 |    55 |       ||   120
       Static Discharge  |       |    13 |     2 ||    15
       Frozen Ramparts   |       |     3 |       ||     3
Evoke: Wand              |       |     5 |       ||     5
  Use: Scroll            |       |    12 |       ||    12
       Potion            |       |     1 |     1 ||     2
 Stab: Sleeping          |     1 |     5 |       ||     6
Armor: Robe              |     7 |    14 |       ||    21
Dodge: Dodged            |    39 |    75 |     5 ||   119

Table legend: (Time is in decaauts)
 A = Elapsed time spent in this place.
 B = Non-inter-level travel time spent in this place.
 C = Inter-level travel time spent in this place.
 D = Time resting spent in this place.
 E = Time spent auto-exploring this place.
 F = Levels seen in this place.
 G = Mean time per level.
                   A        B        C        D        E       F      G
               +--------+--------+--------+--------+--------+-----+--------+
         Total |   7709 |   7552 |    157 |   4181 |   2533 |   5 | 1541.8 |
       Dungeon |   7709 |   7552 |    157 |   4181 |   2533 |   5 | 1541.8 |
               +--------+--------+--------+--------+--------+-----+--------+

Top non-repeatable levels by time:
     D:3: 2259 daAuts
     D:2: 2242 daAuts
     D:4: 1658 daAuts
     D:1: 1529 daAuts
     D:5: 19 daAuts
